Unix NetHack Version 3.7.0-90 Work-in-progress - last build Dec 4 2023 15:25:40 (a4ad6ea61a8c493010e15c9251bbb19a34919cb7,branch:master). Game began 2023-12-10 18:28:45, ended 2023-12-10 18:36:25. wvc, neutral male human Barbarian ---- --- -----.---- --- ----..- |.----......|.--- ---- --.---.|....---- |..--...........| |...--..............--- |...............-----..........|.^.<......| --.-----....................----.).......| |.| .....-------.....- --........-- |.| ...-- --...- |...%.....| |.| |.|......-- |.-- --.|......------ |..-- --...........--..-- ------..| ---..........)......| |..| --.| ..............).....| |>.- ..- ---..........).....-- --.......| ..---.......--....-- -.......| . |.......--.....| +....--.-- |.............-- .@.. --- --............| -.- |..--........| ------------- Wvc the Pillager St:18/02 Dx:17 Co:18 In:7 Wi:7 Ch:6 Neutral S:1243 Dlvl:5 $:249 HP:0(51) Pw:12(12) AC:8 Xp:5/186 T:1654 Latest messages: F - a yellow gem (2 in total). There are several objects here. You see here a dwarf corpse. The air crackles around the kobold shaman. You smite the kobold shaman! You kill the kobold shaman! Your candle is getting short. You are carrying too much to get through. You see here a dwarf corpse. You see here a dwarf corpse. You are beginning to feel hungry. Your candle's flame flickers low! The newt bites! You kill the newt! Your candle is consumed! Its flame dies. What do you want to eat? [dgA or ?*] ? Blecch! Rotten food! The world spins and goes dark. You are conscious again. What do you want to eat? [dgA or ?*] ? You resume your meal. You finish eating the food ration. You descend the stairs. You are hit by a dart. The gnome hits! You miss the gnome. You smite the gnome! You kill the gnome! The gnome lord hits! You kill the gnome lord! Welcome to experience level 5. You are hit by a dagger. You kill the gnome! You are almost hit by a dwarvish spear. The gnome swings her aklys. The gnome hits! You hear crashing rock. You kill the gnome! H - a green gem. The dwarf thrusts his dwarvish short sword. The dwarf hits! You see here a gnome lord corpse. The dwarf picks up a dwarvish spear. You climb up the stairs. Click! You trigger a rolling boulder trap! You are hit by a boulder! You die... Do you want your possessions identified? [ynq] (y) y Do you want to see your attributes? [ynq] (y) q Inventory: Coins ('$') $ - 249 gold pieces Weapons (')') h - 7 blessed +0 arrows f - 39 +0 arrows e - a cursed -1 arrow v - 10 blessed +1 darts u - 19 cursed +0 darts t - a cursed +0 spear x - a cursed -1 spear b - a +0 axe (alternate weapon; not wielded) i - a cursed +0 elven broadsword z - a +0 mace k - a cursed +0 mace j - a cursed +0 quarterstaff a - a +0 two-handed sword (weapon in hands) Armor ('[') c - an uncursed rusty +0 ring mail (being worn) Comestibles ('%') d - 2 uncursed food rations A - an uncursed tripe ration Scrolls ('?') E - an uncursed scroll of enchant armor Potions ('!') w - an uncursed potion of booze D - an uncursed potion of sickness Rings ('=') C - an uncursed +2 ring of gain strength o - a cursed ring of warning Tools ('(') s - an uncursed sack containing 2 items y - a cursed leash q - an uncursed lock pick B - an uncursed skeleton key Gems/Stones ('*') H - an uncursed worthless piece of green glass G - 2 uncursed worthless pieces of orange glass F - 2 uncursed worthless pieces of yellow glass Contents of the sack: an uncursed scroll of destroy armor an uncursed scroll of identify Wvc the Barbarian's attributes: Background: You were a Pillager, a level 5 male human Barbarian. You were neutral, nominally on a mission for Crom who was opposed by Mitra (lawful) and Set (chaotic). You were right-handed. You were in the Gnomish Mines, on level 5. You entered the dungeon 1654 turns ago. You had 186 experience points, 134 more were needed to attain level 6. Your score was 1243 before end-of-game adjustments. Basics: You had 0 out of 51 hit points. You had all 12 energy points (spell power). Your armor class was 8. Your wallet contained 249 zorkmids. Autopickup was on for '$!"?=' plus thrown. Final Characteristics: Your strength was 18/02 (limit:18/100). Your dexterity was 17 (limit:18). Your constitution was 18 (limit:18). Your intelligence was 7 (limit:18). Your wisdom was 7 (limit:18). Your charisma was 6 (limit:18). Final Status: You weren't hungry. You were unencumbered. You were wielding a two-handed sword. You had basic skill with two-handed sword. Final Attributes: You were devoutly aligned. You were poison resistant. You were warded. You are dead. Miscellaneous: You never encountered a bones level. Total elapsed playing time was 7 minutes and 39 seconds. Major events: Turn 1: wvc the neutral male human Barbarian entered the dungeon 1001: attained the rank of Pillager (level 3) 1374: entered the Gnomish Mines 1654: killed by a boulder Vanquished creatures: 2 shriekers 2 gnome leaders a dwarf a kobold shaman 2 iguanas 8 gnomes a garter snake 3 geckos 4 jackals a kobold a goblin 2 grid bugs 2 lichens 3 kobold zombies 3 newts 36 creatures vanquished. No species were genocided or became extinct. Voluntary challenges: You were an atheist. You were illiterate. You never engraved Elbereth. You never had a pet. You never genocided any monsters. You never polymorphed an object. You never changed form. You used no wishes. Achievements: You attained the rank of Pillager. You entered the Gnomish Mines. The Dungeons of Doom: levels 1 to 4 Level 1: A fountain. Level 2: Level 3: Some fountains, a sink. Level 4: Stairs down to The Gnomish Mines. The Gnomish Mines: levels 5 to 6 Level 5: <- You were here. Final resting place for you, killed by a boulder. Level 6: Game over: ---------- / \ / REST \ / IN \ / PEACE \ / \ | wvc | | 249 Au | | killed by a | | boulder | | | | | | 2023 | *| * * * | * _________)/\\_//(\/(/\)/\//\/|_)_______ Goodbye wvc the Barbarian... You died in The Gnomish Mines on dungeon level 5 with 1219 points, and 249 pieces of gold, after 1654 moves. You were level 5 with a maximum of 51 hit points when you died.